 Dungeon Crawl Stone Soup version 0.28-a0-1356-g2ad6d04315 (webtiles) character file.

Game seed: 10969963010996929621

30471 karrick the Blocker (level 13, -2/104 HPs)
             Began as a Gnoll Fighter on Dec 31, 2021.
             Was an Elder of Sif Muna.
             Slain by a slime creature (5 damage)
             ... in an ice cave.
             The game lasted 01:15:57 (22490 turns).

karrick the Blocker (Gnoll Fighter)                Turns: 22490, Time: 01:15:58

Health: -2/104     AC: 15    Str: 17    XL:     13   Next: 51%
Magic:  19/25      EV: 17    Int: 12    God:    Sif Muna [****..]
Gold:   867        SH:  0    Dex: 17    Spells: 17/28 levels left

rFire   . . .      SeeInvis +   k - +0 broad axe (venom)
rCold   + . .      Faith    .   w - orb {*Rage}
rNeg    . . .      Spirit   .   A - +5 robe of Night {Dark Will+ SInv}
rPois   .          Reflect  .   f - +1 hat
rElec   .          Harm     .   H - +2 cloak {rCorr}
rCorr   +          Rampage  .   e - +2 pair of gloves
Will    +....      Rage     20% (no boots)
Stlth   ++++......              (no amulet)
HPRegen 0.27/turn               K - +6 ring of dexterity
MPRegen 0.19/turn               g - ring of protection from cold

@: no status effects
A: fangs 1, strong nose, distributed training
a: Renounce Religion, Channel Magic, Forget Spell, Divine Exegesis


You were in an ice cave.
You worshipped Sif Muna.
Sif Muna was greatly pleased with you.
You visited 3 branches of the dungeon, and saw 20 of its levels.
You also visited: Ice Cave.

You collected 1242 gold pieces.
You spent 375 gold pieces at shops.

Inventory:

Hand Weapons
 a - a +0 war axe
 j - a +6 dagger of electrocution
 k - a +0 broad axe of venom (weapon)
 F - a +4 mace of freezing
 G - a +5 falchion
 M - the +3 dagger of a ziggurat {flame, rF+ rN+}
   (You took it off an orc on level 3 of the Dungeon)

   It burns those it strikes, dealing additional fire damage.
   rF:        It protects you from fire.
   rN:        It protects you from negative energy.
Armour
 c - a +0 buckler
 e - a +2 pair of gloves (worn)
 f - a +1 hat (worn)
 w - an orb of wrath (worn)
 A - the +5 robe of Night (worn) {Dark Will+ SInv}
   (You found it on level 4 of the Dungeon)

   It shrouds the wearer in darkness, reducing the range at which they can see
   and be seen by others.
   SInv:      It lets you see invisible.
   Will:      It increases your willpower.
 C - a +1 chain mail of poison resistance
 H - a +2 cloak of preservation (worn)
 T - +0 acid dragon scales
 Y - a +0 troll leather armour
Jewellery
 g - a ring of protection from cold (right hand)
 m - an amulet of guardian spirit
 r - a ring of fire
 t - a ring of flight
 u - a +6 ring of dexterity
 E - a ring of positive energy
 K - a +6 ring of dexterity (left hand)
Wands
 q - a wand of polymorph (12)
 v - a wand of flame (49)
 D - a wand of iceblast (19)
 O - a wand of paralysis (8)
 X - a wand of digging (12)
Scrolls
 s - a scroll of torment
 y - 3 scrolls of silence
 B - 6 scrolls of enchant armour
 I - a scroll of holy word {unknown}
 L - a scroll of fog
 P - a scroll of fear
 U - a scroll of immolation {unknown}
 V - a scroll of blinking
 W - a scroll of amnesia {unknown}
Potions
 d - a potion of might
 i - 3 potions of mutation {unknown}
 l - 4 potions of attraction
 n - a potion of magic {unknown}
 o - 2 potions of flight {unknown}
 x - 3 potions of cancellation
 J - 2 potions of ambrosia {unknown}
 N - 2 potions of heal wounds {unknown}
 Q - 3 potions of brilliance {unknown}
 R - 2 potions of haste {unknown}
 S - a potion of resistance {unknown}
 Z - 6 potions of lignification {unknown}
Miscellaneous
 b - a phial of floods
 h - a piece from Xom's chessboard (15/15)


   Skills:
 + Level 10.6 Fighting
 + Level 8.3 Short Blades
 + Level 8.3 Long Blades
 + Level 9.6 Axes
 + Level 8.3 Maces & Flails
 + Level 8.3 Polearms
 + Level 8.3 Staves
 + Level 8.3 Slings
 + Level 8.3 Bows
 + Level 8.3 Crossbows
 + Level 8.3 Throwing
 + Level 10.6 Armour
 + Level 8.3 Dodging
 + Level 8.3 Stealth
 + Level 10.6 Shields
 + Level 8.3 Unarmed Combat
 + Level 8.3 Spellcasting
 + Level 7.0 Conjurations
 + Level 7.0 Hexes
 + Level 7.0 Summonings
 + Level 7.0 Necromancy
 + Level 7.0 Translocations
 + Level 7.0 Transmutations
 + Level 7.0 Fire Magic
 + Level 7.0 Ice Magic
 + Level 7.0 Air Magic
 + Level 7.0 Earth Magic
 + Level 7.0 Poison Magic
 + Level 9.1 Invocations
 + Level 8.3 Evocations


You had 17 spell levels left.
You knew the following spells:

 Your Spells              Type           Power      Damage    Failure   Level
a - Summon Guardian Gole  Hex/Summ       21%        N/A       2%          3
b - Tukima's Dance        Hex            21%        N/A       2%          3
c - Ensorcelled Hibernat  Hex/Ice        42%        N/A       1%          2
d - Call Canine Familiar  Summ           21%        N/A       2%          3

Your spell library contained the following spells:

 Spells                   Type           Power      Damage    Failure   Level
 Sandblast                Erth           42%        2d11      1%          1
 Sting                    Tmut/Pois      84%        1d7       1%          1
 Summon Small Mammal      Summ           84%        N/A       1%          1
 Corpse Rot               Necr/Air       42%        N/A       1%          2
 Passwall                 Tmut/Erth      17%        N/A       1%          2
 Poisonous Vapours        Pois/Air       42%        N/A       1%          2
 Ignite Poison            Fire/Tmut/Pois 21%        N/A       2%          3
 Mephitic Cloud           Conj/Pois/Air  21%        N/A       2%          3
 Portal Projectile        Hex/Tloc       42%        N/A       2%          3
 Stone Arrow              Conj/Erth      42%        3d9       2%          3
 Olgreb's Toxic Radiance  Pois           21%        N/A       8%          4
 Blade Hands              Tmut           10%        N/A       22%         5
 Excruciating Wounds      Necr           10%        N/A       22%         5
 Freezing Cloud           Conj/Ice/Air   10%        6-21      22%         5
 Irradiate                Conj/Tmut      10%        3d17      22%         5
 Conjure Ball Lightning   Conj/Air       10%        3x3d6     77%         6
 Dragon Form              Tmut           10%        N/A       100%        7
 Enfeeble                 Hex            10%        N/A       100%        7
 Orb of Destruction       Conj           10%        9d5       100%        7
 Spellforged Servitor     Conj/Summ      10%        N/A       100%        7
 Discord                  Hex            10%        N/A       100%        8
 Disjunction              Tloc           10%        N/A       100%        8


Dungeon Overview and Level Annotations

Branches:
Dungeon (13/15)            Temple (1/1) D:4            Lair (6/6) D:11
 Shoals (0/4) Lair:3       Spider (0/4) Lair:2          Orc (0/2) D:10
  IceCv (1/1)
  Slime: Lair:5-6    Vaults: D:13-14

Altars:
Ashenzari
Cheibriados
Dithmenos
Elyvilon
Fedhas
Gozag
Hepliaklqana
Kikubaaqudgha
Makhleb
Nemelex Xobeh
Qazlal
Ru
Sif Muna
Trog
Uskayaw
Vehumet
Wu Jian
Xom
Yredelemnul
Zin
The Shining One
Beogh

Shops:
D:7 (   D:8 [   D:12 [

Annotations:
D:9 Joseph, Prince Ribbit
D:11 exclusion: 2 oklob plants
Lair:5 Sonja


Innate Abilities, Weirdness & Mutations

You have very sharp teeth.
Your uncanny sense of smell can sniff out nearby items.
Your experience applies equally to all skills.


Message History

You hit the slime creature but do no damage.
The slime creature is heavily wounded.
You hit the slime creature. x2; Your hound bites the slime creature.
The slime creature hits your hound.
Your hound bites the slime creature.
The slime creature closely misses you. x2
Unknown command.
You barely miss the slime creature.
The slime creature is heavily wounded.
You hit the slime creature.
You hit the slime creature but do no damage.
The slime creature looks as sick as possible!
Your hound bites the slime creature.
The slime creature hits you but does no damage.
The slime creature hits you!
* * * LOW HITPOINT WARNING * * *
The slime creature misses you.
Your hound bites the slime creature.
The slime creature hits you.
* * * LOW HITPOINT WARNING * * *
You feel better.
Your hound bites the slime creature.
The slime creature hits you but does no damage.
The slime creature closely misses you.
The slime creature jiggles.
The slime creature closely misses your hound.
You feel better.
Your hound bites the slime creature.
The slime creature hits you!
* * * LOW HITPOINT WARNING * * *
The slime creature completely misses you.
Your hound bites the slime creature.
The slime creature hits your hound!!
Your hound dies!
Your hound's corpse disappears in a puff of smoke!
The slime creature quivers.
Unknown command.
You slice the slime creature!!
The slime creature looks as sick as possible!
The slime creature is severely wounded.
You hit the slime creature. You barely miss the slime creature.
The slime creature hits you!
* * * LOW HITPOINT WARNING * * *
The slime creature hits you.
You die...

#....####...###.....###
...####.......####....####
..##.....##......###.....##
.##))..########....##.....##
##.)"###....####....##.....#
######.........##....#.....#
.###.....###....###........#
.......### ###....###.....##
.......# ###J@..########
######## ###..JJ...#
##########.......###
...............###
..........###### J...#######


JJ# # You could see 3 slime creatures.

Vanquished Creatures
  5 hydras
  Fannar (Lair:2)
  A boulder beetle (D:11)
  A centaur warrior (D:10)
  A two-headed ogre (D:10)
  A lindwurm (Lair:5)
  2 orc knights
  3 cyclopes
  4 ugly things
  An orc sorcerer (D:11)
  A black mamba (Lair:4)
  An ice statue (IceCv)
  3 cane toads
  A kobold demonologist (D:11)
  6 komodo dragons
  A rime drake (Lair:4)
  A tengu conjurer (D:10)
  An entropy weaver simulacrum (IceCv)
  5 trolls
  5 slime creatures (IceCv)
  4 dream sheep (Lair:1)
  5 blink frogs
  A wyvern (Lair:4)
  A wraith (D:10)
  30 yaks
  A basilisk (Lair:2)
  2 vampire mosquitoes (D:7)
  2 steam dragons
  4 acid dragons
  A demonic crawler simulacrum (IceCv)
  5 water moccasins
  3 orc warriors
  2 ugly thing simulacra (IceCv)
  4 ice beasts
  A black bear (D:5)
  2 sky beasts
  8 wolves
  A phantom (D:6)
  8 centaurs
  9 bullfrogs
  A gnoll sergeant (D:12)
  3 scorpions
  2 glowing shapeshifter simulacra (IceCv)
  A wyvern skeleton (D:4)
  A water moccasin skeleton (D:7)
  A killer bee (D:9)
  4 wights (D:8)
  The ghost of Urgle the Firebug, a weakling DrFE (D:3)
  An electric eel (D:7)
  A howler monkey (D:10)
  8 centaur zombies
  6 orc priests
  A hound (D:3)
  2 jellies
  An iguana (D:7)
  Ijyb (D:5)
  15 orc wizards
  A killer bee zombie (D:7)
  A hound skeleton (D:4)
  2 howler monkey zombies
  4 howler monkey skeletons
  5 gnolls (D:12)
  12 adders
  An ufetubus (D:5)
  An adder skeleton (D:4)
  4 worms
  33 orcs
  9 endoplasms
  2 giant cockroaches
  7 goblins
  3 hobgoblins
  5 kobolds
  3 quokkas
  5 ball pythons
  5 bats
  2 frilled lizards
  5 rats
299 creatures vanquished.

Vanquished Creatures (collateral kills)
  A slime creature (IceCv)
  An orc warrior (D:9)
  3 gnolls (D:6)
5 creatures vanquished.

Vanquished Creatures (others)
  2 vampire mosquitoes (D:7)
  3 dancing weapons (D:11)
  A gnoll (D:6)
  2 bushes (Lair:3)
  36 fungi
  110 plants
154 creatures vanquished.

Grand Total: 458 creatures vanquished

Notes
Turn   | Place    | Note
-------+----------+-------------------------------------------
     0 | D:1      | karrick the Gnoll Fighter began the quest for the Orb.
     0 | D:1      | Reached XP level 1. HP: 23/23 MP: 1/1
    94 | D:1      | Reached XP level 2. HP: 24/29 MP: 2/2
   188 | D:1      | Found a faded altar of an unknown god.
   646 | D:1      | Reached XP level 3. HP: 35/35 MP: 3/3
   782 | D:2      | Reached skill level 1 in Invocations
   865 | D:2      | Found a stormy altar of Qazlal.
   924 | D:2      | Reached skill level 1 in Short Blades
   924 | D:2      | Reached skill level 1 in Long Blades
   924 | D:2      | Reached skill level 1 in Maces & Flails
   924 | D:2      | Reached skill level 1 in Polearms
   924 | D:2      | Reached skill level 1 in Staves
   924 | D:2      | Reached skill level 1 in Slings
   924 | D:2      | Reached skill level 1 in Bows
   924 | D:2      | Reached skill level 1 in Crossbows
   924 | D:2      | Reached skill level 1 in Throwing
   924 | D:2      | Reached skill level 1 in Dodging
   924 | D:2      | Reached skill level 1 in Stealth
   924 | D:2      | Reached skill level 1 in Unarmed Combat
   924 | D:2      | Reached skill level 1 in Spellcasting
   924 | D:2      | Reached skill level 1 in Evocations
  1103 | D:2      | Reached XP level 4. HP: 41/41 MP: 5/5
  1731 | D:3      | Reached skill level 1 in Conjurations
  1731 | D:3      | Reached skill level 1 in Hexes
  1731 | D:3      | Reached skill level 1 in Summonings
  1731 | D:3      | Reached skill level 1 in Necromancy
  1731 | D:3      | Reached skill level 1 in Translocations
  1731 | D:3      | Reached skill level 1 in Transmutations
  1731 | D:3      | Reached skill level 1 in Fire Magic
  1731 | D:3      | Reached skill level 1 in Ice Magic
  1731 | D:3      | Reached skill level 1 in Air Magic
  1731 | D:3      | Reached skill level 1 in Earth Magic
  1731 | D:3      | Reached skill level 1 in Poison Magic
  1740 | D:3      | Reached XP level 5. HP: 28/47 MP: 6/6
  1893 | D:3      | Found a runed translucent gate.
  1893 | D:3      | Found a runed translucent gate.
  1893 | D:3      | Found a runed translucent gate.
  2123 | D:3      | Noticed Urgle's ghost (weakling DrFE)
  2301 | D:3      | Identified the +3 dagger of a ziggurat {flame, rF+ rN+}
  2301 | D:3      | Identified the +2 leather armour "Zemi" {Harm +Blink}
  2342 | D:3      | Noticed a sky beast
  2740 | D:4      | Found a staircase to the Ecumenical Temple.
  2977 | Temple   | Entered the Ecumenical Temple
  3456 | Temple   | Became a worshipper of Sif Muna the Loreminder
  3676 | D:4      | Reached XP level 6. HP: 14/53 MP: 8/8
  4035 | D:4      | Reached skill level 5 in Axes
  4251 | D:4      | Found the +5 robe of Night {Dark Will+ SInv}
  4615 | D:5      | Entered Level 5 of the Dungeon
  4663 | D:5      | Reached XP level 7. HP: 59/59 MP: 10/10
  5205 | D:5      | Noticed Ijyb
  5219 | D:5      | Killed Ijyb
  5704 | D:6      | You fall into a shaft and drop 3 floors!
  5735 | D:9      | Learned a level 3 spell: Summon Guardian Golem
  5967 | D:8      | Reached XP level 8. HP: 61/67 MP: 12/12
  6514 | D:8      | Reached * piety under Sif Muna
  6641 | D:8      | Found Oce Fug's Antique Armour Shoppe.
  6647 | D:8      | Bought an embroidered cloak for 195 gold pieces
  7465 | D:7      | Reached XP level 9. HP: 35/73 MP: 14/14
  7544 | D:7      | Found Wacsiw's Weapon Boutique.
  8334 | D:3      | Killed Urgle's ghost
  9200 | D:7      | Reached skill level 5 in Invocations
  9338 | D:7      | Reached XP level 10. HP: 80/80 MP: 17/17
  9340 | D:7      | Reached ** piety under Sif Muna
  9472 | D:9      | Learned a level 3 spell: Tukima's Dance
  9475 | D:9      | Learned a level 2 spell: Ensorcelled Hibernation
  9499 | D:9      | Noticed Prince Ribbit
  9611 | D:10     | Entered Level 10 of the Dungeon
  9711 | D:10     | Reached skill level 5 in Short Blades
  9711 | D:10     | Reached skill level 5 in Long Blades
  9711 | D:10     | Reached skill level 5 in Maces & Flails
  9711 | D:10     | Reached skill level 5 in Polearms
  9711 | D:10     | Reached skill level 5 in Staves
  9711 | D:10     | Reached skill level 5 in Slings
  9711 | D:10     | Reached skill level 5 in Bows
  9711 | D:10     | Reached skill level 5 in Crossbows
  9711 | D:10     | Reached skill level 5 in Throwing
  9711 | D:10     | Reached skill level 5 in Dodging
  9711 | D:10     | Reached skill level 5 in Stealth
  9711 | D:10     | Reached skill level 5 in Unarmed Combat
  9711 | D:10     | Reached skill level 5 in Spellcasting
  9711 | D:10     | Reached skill level 5 in Evocations
 10167 | D:10     | Learned a level 3 spell: Call Canine Familiar
 10475 | D:10     | Noticed a two-headed ogre
 10677 | D:9      | Noticed Joseph
 10696 | D:10     | Found a staircase to the Orcish Mines.
 10742 | D:10     | Noticed an orc knight
 11918 | D:11     | Noticed a kobold demonologist
 11959 | D:11     | Killed a kobold demonologist
 12190 | D:11     | Noticed a boulder beetle
 12353 | D:10     | Noticed a centaur warrior
 12370 | D:11     | Reached XP level 11. HP: 32/87 MP: 19/19
 12885 | D:11     | Noticed an oklob plant
 12894 | D:11     | Reached *** piety under Sif Muna
 13032 | D:11     | Found a staircase to the Lair.
 13162 | D:11     | Noticed an orc knight
 13162 | D:11     | Noticed an orc sorcerer
 13163 | D:11     | Paralysed by an orc sorcerer for 6 turns
 13170 | D:11     | Noticed a sixfirhy
 13182 | D:11     | Noticed a soul eater
 13203 | D:10     | Reached skill level 5 in Conjurations
 13203 | D:10     | Reached skill level 5 in Hexes
 13203 | D:10     | Reached skill level 5 in Summonings
 13203 | D:10     | Reached skill level 5 in Necromancy
 13203 | D:10     | Reached skill level 5 in Translocations
 13203 | D:10     | Reached skill level 5 in Transmutations
 13203 | D:10     | Reached skill level 5 in Fire Magic
 13203 | D:10     | Reached skill level 5 in Ice Magic
 13203 | D:10     | Reached skill level 5 in Air Magic
 13203 | D:10     | Reached skill level 5 in Earth Magic
 13203 | D:10     | Reached skill level 5 in Poison Magic
 13380 | D:12     | Noticed a cyclops
 13390 | D:12     | Killed a cyclops
 13445 | D:12     | Found Fumnamin's Antique Armour Shoppe.
 13453 | D:12     | Bought a pair of embroidered gloves for 180 gold pieces
 13512 | D:12     | Noticed a cyclops
 13517 | D:12     | Killed a cyclops
 13601 | D:12     | Noticed a green ugly thing
 13921 | D:11     | Noticed a cyclops
 13978 | D:11     | Noticed an oklob plant
 13989 | Lair:1   | Entered Level 1 of the Lair of Beasts
 14146 | Lair:1   | Noticed a five-headed hydra
 14436 | Lair:2   | Noticed Fannar
 15376 | Lair:2   | Killed Fannar
 15480 | Lair:2   | Found a hole to the Spider Nest.
 15480 | Lair:2   | Noticed an orb spider
 16276 | Lair:3   | Reached XP level 12. HP: 96/96 MP: 22/22
 16320 | Lair:3   | Reached **** piety under Sif Muna
 16351 | Lair:3   | Noticed an eight-headed hydra
 16666 | Lair:3   | Found a staircase to the Shoals.
 17051 | Lair:4   | You fall into a shaft and drop 2 floors!
 17051 | Lair:6   | Entered Level 6 of the Lair of Beasts
 17059 | Lair:6   | Noticed a six-headed hydra
 17740 | Lair:5   | Noticed Sonja
 17745 | Lair:5   | Noticed a death yak
 17745 | Lair:5   | Noticed a death yak
 17745 | Lair:5   | Noticed a death yak
 17746 | Lair:5   | Noticed a death yak
 17747 | Lair:5   | Noticed a death yak
 18298 | Lair:4   | Noticed a four-headed hydra
 18303 | Lair:4   | Killed a four-headed hydra
 18304 | Lair:4   | Reached skill level 10 in Fighting
 18304 | Lair:4   | Reached skill level 10 in Armour
 18304 | Lair:4   | Reached skill level 10 in Shields
 18322 | Lair:4   | Noticed a death yak
 18365 | Lair:4   | Killed an eight-headed hydra
 18905 | Lair:1   | Killed a five-headed hydra
 19094 | Lair:1   | Noticed a four-headed hydra
 19278 | Lair:1   | Killed a four-headed hydra
 19896 | D:11     | Reached XP level 13. HP: 103/103 MP: 13/24
 21621 | D:13     | Found a frozen archway.
 21630 | IceCv    | Entered an ice cave
 22490 | IceCv    | HP: 3/104 [slime creature (12)]
 22490 | IceCv    | Slain by a slime creature

Illustrated notes

Levels and vault maps discovered:
D:1:      doesnt_arrival_eight_statues, layout_rooms,
          shapermc_ecumenical_altar_notcrosses, hex_large, nrook_uturn,
          chequers_serial_rivers_small_3, nicolae_wormholes
D:2:      layout_basic, basic_altar, minmay_indecisive_spiral
D:3:      layout_basic, biasface_ghost_orc_armoury, minmay_crystal_water,
          hex_intersection, lightli_corner_chamber
D:4:      layout_basic, minmay_temple_entry_stoned_glass
D:5:      layout_loops_ring, serial_co_window_serial, co_window_paths_a,
          co_window_corner_a, co_window_corner_a, co_window_paths_b,
          co_window_corner_a, co_window_corner_a, co_window_of_opportunity_c,
          co_window_paths_c, co_window_unsneaky_path_b, co_window_corner_b,
          co_window_cross_3, co_window_2corner, co_window_paths_c,
          co_window_sun, glass_columns_a, uniq_ijyb
D:6:      layout_rooms
D:7:      layout_rooms, serial_shops, nicolae_take_the_stairs,
          serial_bayou_lagoon_a
D:8:      layout_loops_corners, serial_shops, shop
D:9:      layout_layer_cave, kennysheep_okawaru_gauntlet, uniq_prince_ribbit1,
          uniq_joseph
D:10:     hangedman_cross_veins, layout_irregular_city
D:11:     layout_roguey, dpeg_oklobed_lair
D:12:     layout_rooms, serial_shops, nicolae_shop_crystal
D:13:     layout_stronghold, david_vaults_1, portal_ice_cave_entry_pillars_2
Temple:   mainiacjoe_temple_trianglar_array
Lair:1:   layout_chaotic_city, nicolae_lair_lil_pond, serial_bayou_shore_a,
          serial_bayou_shore_b
Lair:2:   layout_chaotic_city, nicolae_spider_entry_orb_guardian,
          fungi_pond_lemuel, uniq_fannar
Lair:3:   layout_chaotic_city, minmay_shoals_entry_centaurs
Lair:4:   layout_cave_pods
Lair:5:   layout_hall_layers, lemuel_fruit_tree, grunt_megastairs_4,
          infiniplex_staircase_pool, uniq_sonja
Lair:6:   guppyfry_lair_end_dragon, layout_hall_layers,
          minmay_slime_entry_pillars, basic_altar,
          hangedman_lair_unloving_vines, bobbens_ice_dragon_lair,
          grunt_megastairs_5
IceCv:    ice_cave_hellmonk_azure_passage

Skill      XL: |  1  2  3  4  5  6  7  8  9 10 11 12 13 |
---------------+----------------------------------------+-----
Invocations    | 1 2 3 4 5 6 7 8 9 |  9.1
Short Blades   | 1 2 3 4 5 6 7 8 |  8.3
Long Blades    | 1 2 3 4 5 6 7 8 |  8.3
Maces & Flails | 1 2 3 4 5 6 7 8 |  8.3
Polearms       | 1 2 3 4 5 6 7 8 |  8.3
Staves         | 1 2 3 4 5 6 7 8 |  8.3
Slings         | 1 2 3 4 5 6 7 8 |  8.3
Bows           | 1 2 3 4 5 6 7 8 |  8.3
Crossbows      | 1 2 3 4 5 6 7 8 |  8.3
Throwing       | 1 2 3 4 5 6 7 8 |  8.3
Dodging        | 1 2 3 4 5 6 7 8 |  8.3
Stealth        | 1 2 3 4 5 6 7 8 |  8.3
Unarmed Combat | 1 2 3 4 5 6 7 8 |  8.3
Spellcasting   | 1 2 3 4 5 6 7 8 |  8.3
Evocations     | 1 2 3 4 5 6 7 8 |  8.3
Conjurations   | 1 2 3 4 5 6 7 |  7.0
Hexes          | 1 2 3 4 5 6 7 |  7.0
Summonings     | 1 2 3 4 5 6 7 |  7.0
Necromancy     | 1 2 3 4 5 6 7 |  7.0
Translocations | 1 2 3 4 5 6 7 |  7.0
Transmutations | 1 2 3 4 5 6 7 |  7.0
Fire Magic     | 1 2 3 4 5 6 7 |  7.0
Ice Magic      | 1 2 3 4 5 6 7 |  7.0
Air Magic      | 1 2 3 4 5 6 7 |  7.0
Earth Magic    | 1 2 3 4 5 6 7 |  7.0
Poison Magic   | 1 2 3 4 5 6 7 |  7.0
Axes           | 5 6 7 8 9 |  9.6
Fighting       | 7 8 9 10 | 10.6
Armour         | 7 8 9 10 | 10.6
Shields        | 7 8 9 10 | 10.6

Action                   |  1- 3 |  4- 6 |  7- 9 | 10-12 | 13-15 || total
-------------------------+-------+-------+-------+-------+-------++-------
Melee: War axe           |   106 |    53 |     9 |       |       ||   168
       Bite              |     7 |    25 |    39 |   106 |    31 ||   208
       Short sword       |       |    96 |   180 |    66 |       ||   342
       Mace              |       |    12 |   104 |   142 |       ||   258
       Dagger            |       |       |       |   370 |   183 ||   553
       Broad axe         |       |       |       |    22 |     9 ||    31
 Cast: Tukima's Dance    |       |       |       |     8 |     2 ||    10
       Call Canine Famil |       |       |       |     4 |     8 ||    12
Evoke: Wand              |       |       |     7 |     8 |     1 ||    16
       Phial of floods   |       |       |       |     2 |       ||     2
       Piece from Xom's  |       |       |       |       |     1 ||     1
  Use: Scroll            |       |       |     6 |    22 |     2 ||    30
       Potion            |       |       |     1 |     3 |     2 ||     6
 Stab: Sleeping          |       |     3 |     9 |    16 |     2 ||    30
       Paralysed         |       |       |     3 |       |       ||     3
       Distracted        |       |       |       |     3 |     1 ||     4
Armor: Scale mail        |    39 |    67 |       |       |       ||   106
       Robe              |       |    10 |   157 |   203 |    50 ||   420
Dodge: Dodged            |    43 |    77 |   203 |   441 |    81 ||   845
Block: Buckler           |    32 |    35 |       |       |       ||    67

Table legend: (Time is in decaauts)
 A = Elapsed time spent in this place.
 B = Non-inter-level travel time spent in this place.
 C = Inter-level travel time spent in this place.
 D = Time resting spent in this place.
 E = Time spent auto-exploring this place.
 F = Levels seen in this place.
 G = Mean time per level.
                   A        B        C        D        E       F      G
               +--------+--------+--------+--------+--------+-----+--------+
         Total |  23307 |  22126 |   1181 |   2442 |  14210 |  21 | 1109.9 |
       Dungeon |  15984 |  15027 |    957 |   1052 |  10134 |  13 | 1229.5 |
        Temple |    508 |    455 |     53 |      0 |    450 |   1 |  508.0 |
          Lair |   5929 |   5758 |    171 |   1072 |   3300 |   6 |  988.2 |
      Ice Cave |    884 |    884 |      0 |    318 |    325 |   1 |  884.0 |
               +--------+--------+--------+--------+--------+-----+--------+

Top non-repeatable levels by time:
    D:10: 2654 daAuts
    D:11: 1754 daAuts
     D:8: 1630 daAuts
     D:5: 1621 daAuts
  Lair:2: 1611 daAuts
     D:3: 1557 daAuts
  Lair:1: 1521 daAuts
     D:4: 1230 daAuts
     D:7: 1117 daAuts
  Lair:3: 1104 daAuts
     D:9: 1079 daAuts
     D:2: 900 daAuts
  Lair:5: 886 daAuts
   IceCv: 884 daAuts
     D:6: 833 daAuts
